 Dungeon Crawl Stone Soup version 0.19.5 (webtiles) character file.

100 equalderp2856 the Skirmisher (level 4, -4/35 HPs)
             Began as a Mummy Fighter on Mar 30, 2017.
             Killed from afar by a dart slug (6 damage)
             ... with a slug dart
             ... on level 3 of the Dungeon.
             The game lasted 00:04:06 (1837 turns).

equalderp2856 the Skirmisher (Mummy Fighter)        Turns: 1837, Time: 00:04:07

Health: -4/35      AC:  6    Str: 20    XL:     4   Next: 46%
Magic:  4/4        EV:  7    Int:  7    God:
Gold:   83         SH:  9    Dex: 11    Spells: 0 memorised, 3 levels left

rFire  x . .     SeeInvis .     a - +0 long sword
rCold  + . .     Gourm    .     b - +0 scale mail
rNeg   + + +     Faith    .     c - +0 shield
rPois  ∞         Spirit   .     (no helmet)
rElec  .         Reflect  .     (no cloak)
rCorr  .         Harm     .     (no gloves)
MR     .....                    (no boots)
Stlth  ..........               (no amulet)
                                (no ring)
                                (no ring)

@: no status effects
A: no food or potions, fire vulnerability, cold resistance 1, negative energy
resistance 3, torment resistance, unbreathing
a: no special abilities


You were on level 3 of the Dungeon.
You were not hungry.

You visited 1 branch of the dungeon, and saw 3 of its levels.

You collected 83 gold pieces.

Inventory:

Hand Weapons
 a - a +0 long sword (weapon)
 j - a +0 short sword
Missiles
 i - 20 arrows
Armour
 b - a +0 scale mail (worn)
 c - a +0 shield (worn)
Wands
 k - a wand of confusion (32/48)
Scrolls
 d - a scroll of teleportation {unknown}
 e - a scroll of fog {unknown}
 f - a scroll of random uselessness {unknown}
 g - a scroll of enchant weapon {unknown}
 h - 5 scrolls of identify {unknown}


   Skills:
 + Level 3.4 Fighting
 + Level 2.4 Long Blades
 + Level 2.9 Armour
 + Level 0.7 Dodging
 + Level 0.1 Stealth
 + Level 3.0 Shields


You had 3 spell levels left.
You didn't know any spells.

Dungeon Overview and Level Annotations

Branches:
Dungeon (3/15)

Altars:


Innate Abilities, Weirdness & Mutations

You do not eat or drink.
Your flesh is vulnerable to fire.
You are immune to poison.
Your flesh is cold resistant. (rC+)
You are immune to negative energy. (rN+++)
You are immune to unholy pain and torment.
You can survive without breathing.


Message History

You hit the goblin.
The goblin is severely wounded.
You block the goblin's attack. The goblin hits you with a dagger.
* * * LOW HITPOINT WARNING * * *
You hit the goblin.
You kill the goblin!
An orc wizard comes into view. It is wielding a dagger.
The orc wizard shouts!
The orc wizard gestures at you while chanting.
The magic dart hits you!
* * * LOW HITPOINT WARNING * * *
A dart slug comes into view.
The orc wizard gestures at you while chanting.
The magic dart hits you!
* * * LOW HITPOINT WARNING * * *
You see here a kobold corpse.
Okay, then.
The dart slug launches a dart at you. The slug dart hits you!
You die...

#.....#..##... #.......
#.....#........ #. #.####..
#.[.....# . #. .. #.# ###.##.##
.##.. .. #.# #.##.# ... #..##
#.# #.##.# ... ##...#######.#
#)##.# #.# .#.......##...
#.##w# #.##...#####.##.#.
#.##.# ######@#........(....#.
#.##)# #.............#####....
#.##.# ##.#............# #.....
#....###......†.........##..#.#
#.w####..#..............##....#
#..# #.##.....o...w....##))###
#..# ##.#.........>.........# #
#..###........(.............###
#..#....###....(...............


You could see an orc wizard and a dart slug.

Vanquished Creatures
  2 adders
  3 oozes
  A worm (D:2)
  A dart slug (D:1)
  2 leopard geckos
  2 orcs (D:3)
  6 bats
  2 giant cockroaches (D:2)
  8 goblins
  3 hobgoblins
  5 jackals (D:2)
  2 quokkas
  3 ball pythons
  A frilled lizard (D:2)
  9 kobolds
  5 rats
55 creatures vanquished.

Notes
Turn   | Place    | Note
-------+----------+-------------------------------------------
     0 | D:1      | equalderp2856 the Mummy Fighter began the quest for the Orb.
     0 | D:1      | Reached XP level 1. HP: 18/18 MP: 1/1
    80 | D:1      | Reached XP level 2. HP: 14/24 MP: 2/2
   544 | D:2      | Reached XP level 3. HP: 28/29 MP: 3/3
  1494 | D:3      | Reached XP level 4. HP: 32/35 MP: 4/4
  1837 | D:3      | Killed from afar by a dart slug

Skill      XL: |  1  2  3  4 |
---------------+-------------+-----
Long Blades    | 2 |  2.4
Shields        | 3 |  3.0
Fighting       | |  3.4
Armour         | |  2.9
Dodging        | |  0.7
Stealth        | |  0.1

Action                   |  1- 3 |  4- 6 || total
-------------------------+-------+-------++-------
Melee: Long sword        |   153 |    59 ||   212
Armor: Scale mail        |   117 |    44 ||   161
Dodge: Dodged            |    64 |    15 ||    79
Block: Shield            |   105 |    33 ||   138
       Rpst.: Long sword |    25 |     1 ||    26
